 Dungeon Crawl Stone Soup version 0.31-a0-506-g3d79149578 (webtiles) character file.

Game seed: 16723501858738543562

1283 Ethylacetat the Sneak (level 8, -4/57 HPs)
             Began as an Octopode Gladiator on Aug 9, 2023.
             Slain by a yak (12 damage)
             ... on level 5 of the Dungeon.
             The game lasted 00:03:41 (4453 turns).

Ethylacetat the Sneak (Octopode Gladiator)          Turns: 4453, Time: 00:03:41

Health: -4/57      AC:  1    Str: 20    XL:     8   Next: 55%
Magic:  8/8        EV: 17    Int: 10    God:
Gold:   264        SH:  0    Dex: 21    Spells: 7/7 levels left

rFire   . . .        e - +0 whip (venom)
rCold   . . .        (no shield)
rNeg    . . .        b - +0 hat
rPois   .            (no amulet)
rElec   .            j - +6 ring of dexterity
rCorr   .            p - +6 ring of strength
SInv    .            (no ring)
Will    .....        (no ring)
Stlth   +++++        (no ring)
HPRegen 0.29/turn    (no ring)
MPRegen 0.11/turn    (no ring)
                     (no ring)

%: no passive effects
@: on berserk cooldown, attractive, slowed, very slow
A: almost no armour, amphibious, 8 rings, camouflage 1, gelatinous body 1,
(nimble swimmer 1), tentacles
a: no special abilities


You were on level 5 of the Dungeon.
You visited 1 branch of the dungeon, and saw 5 of its levels.

You collected 264 gold pieces.

Inventory:

Hand Weapons
 a - a +0 long sword
 e - a +0 whip of venom (weapon)
Missiles
 c - 3 throwing nets (quivered)
 d - a javelin
Armour
 b - a +0 hat (worn)
Jewellery
 j - a +6 ring of dexterity (left tentacle)
 p - a +6 ring of strength (right tentacle)
Wands
 t - a wand of polymorph (11)
Scrolls
 i - a scroll of fog {unknown}
 l - a scroll of vulnerability {unknown}
 m - 3 scrolls of identify {unknown}
 n - a scroll of enchant weapon {unknown}
 o - a scroll of poison {unknown}
 r - a scroll of enchant armour {unknown}
Potions
 f - 2 potions of curing
 h - a potion of attraction
 k - a potion of mutation {unknown}
 q - a potion of brilliance {unknown}
 s - 2 potions of heal wounds {unknown}


   Skills:
 + Level 6.1 Fighting
 - Level 3.1 Long Blades
 - Level 2.2 Throwing
 + Level 6.5 Dodging
 + Level 7.9 Stealth


You had 7 spell levels left.
You didn't know any spells.
Your spell library contained the following spells:

 Spells                   Type           Power      Damage    Failure   Level
 Kiss of Death            Conj/Necr      0%         2d5       36%         1
 Confusing Touch          Hex            0%         N/A       75%         3
 Vhi's Electric Charge    Tloc/Air       0%         N/A       75%         3
 Dispel Undead            Necr           0%         3d6       98%         4
 Arcjolt                  Conj/Air       0%         1d10      100%        5
 Maxwell's Capacitive Co  Air            0%         ∞         100%        8


Dungeon Overview and Level Annotations

Branches:
Dungeon (5/15)
 Temple: D:4-7

Altars:

Shops:
D:2 [


Innate Abilities, Weirdness & Mutations

You cannot wear most types of armour.
You are amphibious.
You can wear up to eight rings at the same time.
Your skin changes colour to match your surroundings (Stealth+).
Your rubbery body absorbs attacks. (AC +1, EV +1)
((You are camouflaged when in or above water. (Stealth+)))
You have tentacles for arms and can constrict up to eight enemies at once.


Message History

You whack the gnoll! Your grab misses the gnoll.
The gnoll is severely wounded.
The gnoll completely misses you.
You hit the gnoll.
You kill the gnoll!
The yak is attracted toward you.
You hit the yak.
The yak is poisoned.
The yak is lightly wounded.
The yak gores you!!
* * * LOW HITPOINT WARNING * * *
You whack the yak! You squeeze the yak!
The yak is severely wounded.
The yak gores you.
* * * LOW HITPOINT WARNING * * *
You whack the yak!
The yak looks as sick as possible!
The yak is almost dead.
You kill the yak!
Your Fighting skill increases to level 6!
You whack the yak!
The yak is moderately wounded.
The yak barely misses you.
You hit the yak.
The yak is poisoned.
Your tentacle-slap misses the yak.
The yak is moderately wounded.
You barely miss the yak.
The yak is moderately wounded.
The yak misses you.
You completely miss the yak.
The yak is moderately wounded.
The yak completely misses you.
You barely miss the yak. You squeeze the yak!
The yak is severely wounded.
The yak barely misses you.
You hit the yak. Your squeeze misses the yak.
The yak is almost dead.
You barely miss the yak.
The yak is almost dead.
You are no longer berserk.
You are exhausted.
You feel yourself slow down. The yak gores you!
You die...

.... #..# ... #..#
#.# #.Y# ####.# #..#
.....######### #g(#
####.........# #..##
.......<.....# #.#.#
.####.#####..#####)##
#.# #.....@Y.# #.#
#.######.# #.# #.#
#.# ##>#####.# #.#
...[.....######.#
#######.........#
###########


You could see a yak (very poisoned).

Vanquished Creatures
  Grinder (D:3)
  Sigmund (D:3)
  2 yaks (D:5)
  A black bear (D:5)
  2 ogres (D:5)
  A hound (D:5)
  An orc priest (D:3)
  Natasha (thrice) (D:2)
  An iguana (D:5)
  4 adders
  5 gnolls
  3 worms
  4 dart slugs
  7 orcs
  11 endoplasms
  4 giant cockroaches
  8 goblins
  7 hobgoblins
  2 jackals (D:4)
  10 kobolds
  4 quokkas
  8 ball pythons
  4 bats
  2 frilled lizards (D:1)
  5 rats
101 creatures vanquished.

Notes
Turn   | Place    | Note
-------+----------+-------------------------------------------
     0 | D:1      | Ethylacetat the Octopode Gladiator began the quest for the
                  | Orb.
     0 | D:1      | Reached XP level 1. HP: 14/14 MP: 1/1
   116 | D:1      | Reached XP level 2. HP: 15/19 MP: 2/2
  1167 | D:2      | Found Lagoox's Armour Shoppe.
  1178 | D:2      | Reached skill level 1 in Stealth
  1178 | D:2      | Reached XP level 3. HP: 25/25 MP: 3/3
  1188 | D:2      | HP: 1/25 [kobold/+3 short sword (6)]
  1422 | D:2      | Noticed Natasha
  1431 | D:2      | Killed Natasha
  1432 | D:2      | Reached skill level 2 in Stealth
  1432 | D:2      | Reached XP level 4. HP: 25/30 MP: 4/4
  1631 | D:2      | Noticed Natasha
  1636 | D:2      | Killed Natasha
  1772 | D:2      | Noticed Natasha
  1780 | D:2      | Killed Natasha
  1781 | D:2      | Reached skill level 3 in Stealth
  1781 | D:2      | Reached XP level 5. HP: 33/36 MP: 5/5
  2202 | D:3      | Noticed Sigmund
  2213 | D:3      | Killed Sigmund
  2214 | D:3      | Reached skill level 4 in Stealth
  2214 | D:3      | Reached XP level 6. HP: 13/43 MP: 6/6
  2703 | D:3      | Noticed Grinder
  2714 | D:3      | Killed Grinder
  2715 | D:3      | Reached skill level 5 in Dodging
  2715 | D:3      | Reached skill level 5 in Stealth
  2715 | D:3      | Reached XP level 7. HP: 38/49 MP: 7/7
  3548 | D:4      | Reached skill level 6 in Stealth
  3920 | D:5      | Entered Level 5 of the Dungeon
  3944 | D:5      | Reached skill level 5 in Fighting
  3993 | D:5      | Reached XP level 8. HP: 9/55 MP: 8/8
  4206 | D:5      | Reached skill level 7 in Stealth
  4412 | D:5      | Noticed a yak
  4414 | D:5      | Noticed a yak
  4435 | D:5      | Noticed a yak
  4441 | D:5      | Killed a yak
  4446 | D:5      | Killed a yak
  4453 | D:5      | Slain by a yak

Illustrated notes

Levels and vault maps discovered:
D:1:      grunt_arrival_lava_bath, layout_basic
D:2:      layout_basic, serial_shops, nicolae_shop_stone, uniq_natasha
D:3:      layout_loops_corners, minmay_misc_feat_x, minmay_close_crescents,
          uniq_sigmund, uniq_grinder
D:4:      layout_basic
D:5:      layout_loops_ring

Skill      XL: |  1  2  3  4  5  6  7  8 |
---------------+-------------------------+-----
Stealth        | 1 2 3 4 5 6 7 |  7.9
Fighting       | 3 4 5 6 |  6.1
Dodging        | 4 5 6 |  6.5
Long Blades    | |  3.1
Throwing       | |  2.2

Action                     |  1- 3 |  4- 6 |  7- 9 || total
---------------------------+-------+-------+-------++-------
  Melee: Whip              |    57 |    85 |    84 ||   226
         Constrict         |    15 |    28 |    22 ||    65
         Tentacles         |     9 |    23 |    21 ||    53
         Long sword        |     2 |       |       ||     2
         Punch             |       |       |     3 ||     3
    Use: Potion            |       |       |     3 ||     3
   Stab: Sleeping          |     9 |    10 |    13 ||    32
 Armour: Skin              |     2 |     5 |     1 ||     8
  Dodge: Dodged            |    31 |    47 |    54 ||   132

Table legend: (Time is in decaauts)
 A = Elapsed time spent in this place.
 B = Non-inter-level travel time spent in this place.
 C = Inter-level travel time spent in this place.
 D = Time resting spent in this place.
 E = Time spent auto-exploring this place.
 F = Levels seen in this place.
 G = Mean time per level.
                   A        B        C        D        E       F      G
               +--------+--------+--------+--------+--------+-----+--------+
         Total |   4468 |   4416 |     52 |      0 |   3749 |   5 |  893.6 |
       Dungeon |   4468 |   4416 |     52 |      0 |   3749 |   5 |  893.6 |
               +--------+--------+--------+--------+--------+-----+--------+

Top non-repeatable levels by time:
     D:3: 1172 daAuts
     D:1: 979 daAuts
     D:4: 962 daAuts
     D:2: 822 daAuts
     D:5: 532 daAuts
